 Dungeon Crawl Stone Soup version 0.30-a0-591-g3c58d2bc28 (webtiles) character file.

Game seed: 2427992208965703383

1384671 hittemvvvvvvvvhard the Meteorologist (level 27, 181/181 (182) HPs)
             Began as a Tengu Conjurer on Jan 2, 2023.
             Was the Champion of Vehumet.
             Escaped with the Orb
             ... and 3 runes on Jan 4, 2023!
             The game lasted 04:23:57 (116937 turns).

hittemvvvvvvvvhard the Meteorologist (TeCj)       Turns: 116937, Time: 04:23:58

HP:   181/181 (182) AC: 17    Str:  7    XL:     27
MP:   53/53         EV: 27    Int: 36    God:    Vehumet [******]
Gold: 4733          SH: 20    Dex: 14    Spells: 9/58 levels left

rFire   + + .      SeeInvis +    a - +0 staff of Battle {autoexplore}
rCold   + + .      Faith    .    H - +5 kite shield {rC+}
rNeg    + . .      Spirit   +    C - +2 robe {Will+}
rPois   .          Reflect  .    R - +2 hat {SInv}
rElec   +          Harm     .    c - +1 cloak of Puxkotynt {*Slow rElec rCorr}
rCorr   +          Rampage  .    K - +2 pair of gloves
Will    +++..                    (boots unavailable)
Stlth   +                        o - amulet of guardian spirit {Spirit}
HPRegen 0.50/turn                L - ring of magical power {MP+9}
MPRegen 0.33/turn                F - ring "Uxtiadgh" {rF++ rC+ rN+ Int+2}

@: flying quickly and evasively, studying Long Blades, lightly drained, quick
A: beak, talons 3, nimble flight, iridescent scales 3, clever 1, screaming 1
0: Orb of Zot
}: 3/15 runes: decaying, slimy, gossamer
a: Renounce Religion


You escaped.
You worshipped Vehumet.
Vehumet was exalted by your worship.
You visited 12 branches of the dungeon, and saw 55 of its levels.
You also visited: Gauntlet and Ice Cave.

You collected 6979 gold pieces.
You spent 2246 gold pieces at shops.

Inventory:

Hand Weapons
 a - the +0 staff of Battle (weapon) {autoexplore}
   (You acquired it on level 2 of the Orcish Mines)

   It enhances your conjuration magic.
   It summons a battlesphere in combat, with strength depending on Conjurations
   skill.
   Its strikes trigger the battlesphere's blasts.
Missiles
 h - 17 javelins
 z - 4 throwing nets {=f}
Armour
 c - the +1 cloak of Puxkotynt (worn) {*Slow rElec rCorr}
   (You found it in a Gauntlet)

   rElec:     It insulates you from electricity.
   rCorr:     It protects you from acid and corrosion.
   *Slow:     It may slow you when you take damage.
 p - the +2 ratskin cloak {*Rats rPois rN+ Str-1 Int-1 Dex+1}
   (You found it on level 5 of the Pits of Slime)

   When the wearer is hurt, rats may emerge from it to assist them.
   Str:       It affects your strength (-1).
   Int:       It affects your intelligence (-1).
   Dex:       It affects your dexterity (+1).
   rPois:     It protects you from poison.
   rN:        It protects you from negative energy.
 C - a +2 robe of willpower (worn)
 H - a +5 kite shield of cold resistance (worn)
 K - a +2 pair of gloves (worn)
 R - a +2 hat of see invisible (worn)
Jewellery
 o - an amulet of guardian spirit (around neck) {Spirit}
 B - a ring of willpower
 F - the ring "Uxtiadgh" (right hand) {rF++ rC+ rN+ Int+2}
   (You found it on level 15 of the Dungeon)

   [ring of positive energy]

   Int:       It affects your intelligence (+2).
   rF:        It greatly protects you from fire.
   rC:        It protects you from cold.
   rN:        It protects you from negative energy.
 I - the ring "Qeexzedd" {rC+ rN++ Str-4 Int+6}
   (You found it on level 2 of the Depths)

   [ring of intelligence]

   Str:       It affects your strength (-4).
   Int:       It affects your intelligence (+6).
   rC:        It protects you from cold.
   rN:        It greatly protects you from negative energy.
 L - a ring of magical power (left hand) {MP+9}
 P - a ring of poison resistance
Wands
 f - a wand of flame (30)
 y - a wand of charming (65)
 D - a wand of digging (23)
 G - a wand of acid (1)
 O - a wand of roots (27)
 S - a wand of mindburst (19)
 T - a wand of polymorph (35)
Scrolls
 d - 10 scrolls of vulnerability {!r!r}
 e - 9 scrolls of immolation {!r}
 i - 29 scrolls of identify
 k - 9 scrolls of fear
 n - 3 scrolls of blinking {!r}
 q - 11 scrolls of poison {!r}
 s - 2 scrolls of amnesia
 t - 5 scrolls of teleportation
 A - 7 scrolls of summoning
 X - 10 scrolls of fog
 Z - 3 scrolls of silence
Potions
 j - 7 potions of ambrosia
 l - 7 potions of magic
 m - 24 potions of curing
 u - 7 potions of brilliance
 E - 7 potions of resistance
 J - 4 potions of berserk rage {!q}
 M - a potion of haste
 N - 10 potions of lignification {!q}
 U - 2 potions of invisibility
 W - 20 potions of heal wounds
 Y - 7 potions of cancellation
Miscellaneous
 b - a lightning rod (4/4)
 g - a condenser vane
 v - a phantom mirror
 w - a phial of floods
 x - a box of beasts
 Q - a tin of tremorstones (2/2)


   Skills:
 + Level 21.2 Fighting
 + Level 21.4 Dodging
 - Level 2.0 Stealth
 + Level 20.2 Shields
 + Level 16.4 Spellcasting
 O Level 27 Conjurations
 - Level 8.0 Summonings
 - Level 4.0 Translocations
 O Level 27 Air Magic
 + Level 14.1 Evocations


You had 9 spell levels left.
You knew the following spells:

 Your Spells              Type           Power      Damage    Failure   Level
a - Magic Dart            Conj           100%       1d8       0%          1
b - Freezing Cloud        Conj/Ice/Air   63%        6-21      1%          5
c - Spellforged Servitor  Conj/Summ      62%        N/A       1%          7
d - Irradiate             Conj/Tmut      56%        3d30      1%          5
e - Blink                 Tloc           100%       N/A       1%          2
f - Maxwell's Capacitive  Air            61%        ∞         1%          8
g - Orb of Destruction    Conj           73%        9d17      0%          7
h - Chain Lightning       Conj/Air       73%        3d98      1%          9
x - Lightning Bolt        Conj/Air       73%        1d99      0%          5

Your spell library contained the following spells:

 Spells                   Type           Power      Damage    Failure   Level
 Polar Vortex             Ice            14%        N/A       100%        9
 Shatter                  Erth           14%        3d14*     100%        9
 Shock                    Conj/Air       100%       1d9       0%          1
 Momentum Strike          Conj/Tloc      100%       3d10      0%          2
 Searing Ray              Conj           100%       2d8       0%          2
 Static Discharge         Conj/Air       100%       2-7/arc   0%          2
 Dazzling Flash           Conj/Hex       100%       N/A       0%          3
 Hailstorm                Conj/Ice       100%       3d20      0%          3
 Mephitic Cloud           Conj/Pois/Air  100%       N/A       0%          3
 Vhi's Electric Charge    Tloc/Air       100%       N/A       0%          3
 Airstrike                Air            61%        2d(9-25)  0%          4
 Summon Lightning Spire   Summ/Air       100%       N/A       0%          4
 Arcjolt                  Conj/Air       73%        1d83      0%          5
 Conjure Ball Lightning   Conj/Air       73%        3x3d27    0%          6
 Apportation              Tloc           100%       N/A       1%          1
 Freeze                   Ice            100%       1d10      1%          1
 Summon Small Mammal      Summ           100%       N/A       1%          1
 Cigotuvi's Dreadful Rot  Necr/Pois/Air  100%       N/A       1%          2
 Call Canine Familiar     Summ           72%        N/A       1%          3
 Frozen Ramparts          Ice            58%        1d9       1%          3
 Gell's Gravitas          Tloc           55%        N/A       1%          3
 Ignite Poison            Fire/Tmut/Pois 29%        N/A       1%          3
 Kindle Blastsparks       Fire/Tloc/Air  100%       2d18      1%          3
 Lesser Beckoning         Tloc           100%       N/A       1%          3
 Summon Guardian Golem    Hex/Summ       55%        N/A       1%          3
 Teleport Other           Tloc           55%        N/A       1%          3
 Fulminant Prism          Conj/Hex       56%        3d25      1%          4
 Iskenderun's Mystic Bla  Conj/Tloc      100%       2d19      1%          4
 Sticky Flame             Conj/Fire      100%       2d11      1%          4
 Silence                  Hex/Air        45%        N/A       1%          5
 Starburst                Conj/Fire      56%        6d15      1%          6
 Ensorcelled Hibernation  Hex/Ice        58%        N/A       2%          2
 Portal Projectile        Hex/Tloc       88%        N/A       2%          3
 Manifold Assault         Tloc           55%        N/A       3%          4
 Summon Ice Beast         Ice/Summ       55%        N/A       3%          4
 Summon Forest            Summ/Tloc      32%        N/A       3%          5
 Ozocubu's Armour         Ice            29%        N/A       4%          3
 Spider Form              Tmut/Pois      29%        N/A       4%          3
 Tukima's Dance           Hex            29%        N/A       4%          3
 Storm Form               Tmut/Air       45%        N/A       5%          7
 Summon Mana Viper        Hex/Summ       55%        N/A       9%          5
 Summon Cactus Giant      Summ           36%        N/A       10%         6
 Lee's Rapid Deconstruct  Erth           14%        3d9*      12%         5
 Yara's Violent Unravell  Hex/Tmut       14%        3d7       12%         5
 Anguish                  Hex/Necr       14%        N/A       16%         4
 Dispel Undead            Necr           29%        3d13      16%         4
 Ice Form                 Ice/Tmut       29%        N/A       16%         4
 Leda's Liquefaction      Hex/Erth       14%        N/A       16%         4
 Agony                    Necr           29%        N/A       41%         5
 Alistair's Intoxication  Tmut/Pois      19%        N/A       41%         5
 Blade Hands              Tmut           14%        N/A       41%         5
 Metabolic Englaciation   Hex/Ice        14%        N/A       41%         5
 Dispersal                Tloc           27%        N/A       43%         6
 Death Channel            Necr           14%        N/A       94%         6
 Simulacrum               Ice/Necr       14%        N/A       94%         6
 Statue Form              Tmut/Erth      19%        N/A       94%         6
 Dragon Form              Tmut           14%        N/A       100%        7
 Enfeeble                 Hex            14%        N/A       100%        7
 Borgnjor's Revivificati  Necr           14%        N/A       100%        8
 Ignition                 Fire           14%        3d6       100%        8
 Necromutation            Tmut/Necr      14%        N/A       100%        8
 Death's Door             Necr           14%        N/A       100%        9


Dungeon Overview and Level Annotations

Branches:
Dungeon (15/15)            Temple (1/1) D:4            Lair (5/5) D:8
  Swamp (4/4) Lair:2       Spider (4/4) Lair:3        Slime (5/5) Lair:4
    Orc (2/2) D:12            Elf (3/3) Orc:2        Vaults (4/5) D:13
  Crypt (3/3) Vaults:3       Tomb (0/3) Crypt:3      Depths (4/4) D:15
    Zot (5/5) Depths:4      IceCv (visited)         Gauntlet (visited)

Altars:
Ashenzari
Cheibriados
Dithmenos
Elyvilon
Fedhas
Gozag
Hepliaklqana
Kikubaaqudgha
Makhleb
Nemelex Xobeh
Okawaru
Qazlal
Ru
Sif Muna
Trog
Uskayaw
Vehumet
Wu Jian
Xom
Yredelemnul
Zin
The Shining One
Jiyva
Lugonu

Shops:
D:1 !   D:4 *?   D:6 (   Orc:2 (!?(:=   Elf:2 (   Vaults:4 =   Depths:2 :

Portals:
Hell: Depths:1 Depths:2 Depths:3 Depths:4
Abyss: Depths:1 Depths:3
Pandemonium: Orc:2 Depths:2 Depths:4
Ziggurat: Depths:1
Trove: D:14 (give +4 shadow dragon scales)

Annotations:
Zot:1 exclusions: door and 4 more exclusions
Zot:4 exclusion: 3 doors
Zot:5 exclusions: 2 upstairs and 3 more exclusions


Innate Abilities, Weirdness & Mutations

You have a beak for a mouth.
You have claws for feet.
Your magical nature lets you fly swiftly and evasively.
You are completely covered in iridescent scales. (AC +6)
Your mind is acute. (Int +4, Str/Dex -1)
You occasionally shout uncontrollably at your foes.


Message History

You fly upwards.
There is a stone staircase leading down here.
There is a stone staircase leading up, spattered with blood here.
You fly upwards.
There is a stone staircase leading down here.
You see here a +0 hand axe.
There is a stone staircase leading up here.
You fly upwards.
There is a stone staircase leading down here.
There is a stone staircase leading up here.
You fly upwards.
There is a stone staircase leading down here.
A large abomination comes into view.
Health restored: 181; MP restored: 53 You conjure a globe of magical energy.
There is a stone staircase leading up here.
You fly upwards.
Your summoned ally is left behind.
Your battlesphere wavers and loses cohesion.
There is a stone staircase leading down here.
(D) Dungeon (T) Temple (L) Lair (S) Swamp (N) Spider Nest (M) Slime Pits (O) Orcish Mines (E) Elven Halls (V) Vaults (C) Crypt (W) Tomb (U) Depths (H) Hell (Z) Zot
Where to? (Enter - D:1 @ (x,y), ? - help)
There is a stone staircase leading up here.
You fly upwards.
There is a stone staircase leading down here.
There is a stone staircase leading up here.
You fly upwards.
There is a stone staircase leading down here.
There is a stone staircase leading up here.
You fly upwards.
There is a stone staircase leading down here.
There is a stone staircase leading up here.
You fly upwards.
There is a stone staircase leading down here.
You reach down and open the door.
There is an open door here.
There is a staircase leading out of the dungeon here.
You have escaped!

[...##.###............#..#
###....# ###############.#
##...#################.#
##)#.#.##...........##.#
###†.#.#.##...........##.#
....##.#.##...........##.#
....##...##...........##.#
....###..##...........##.#
...#####..'.....@.....'..#
......##.##...........####
...##..#.##...........#
...###...##...........#
...####..##...........#
.###.....##...........#
.##..###.##############
....## #.#### #.###
#....####

Skill      XL: |  1  2  3  4  5  6  7  8  9 10 11 12 13 14 15 16 17 18 19 20 21 22 23 24 25 26 27 |
---------------+----------------------------------------------------------------------------------+-----
Conjurations   | 6 7 8 9 11 16 17 18 19 21 23 24 26 27 | 27.0
Spellcasting   | 3 4 5 6 7 8 9 11 12 14 15 16 | 16.4
Fighting       | 1 2 3 4 5 6 8 9 10 11 13 14 15 17 18 21 | 21.2
Dodging        | 3 4 5 6 7 8 9 10 11 12 14 15 17 18 19 20 21 | 21.4
Air Magic      | 5 8 12 14 15 16 17 18 19 20 21 23 24 26 27 | 27.0
Evocations     | 2 3 4 5 6 7 8 9 12 14 | 14.1
Translocations | 3 4 |  4.0
Shields        | 5 7 10 12 13 15 18 19 20 | 20.2
Summonings     | 8 |  8.0
Stealth        | |  2.0

Notes
Turn   | Place    | Note
-------+----------+-------------------------------------------
     0 | D:1      | hittemvvvvvvvvhard the Tengu Conjurer began the quest for
                  | the Orb.
     0 | D:1      | Reached XP level 1. HP: 10/10 MP: 4/4
   266 | D:1      | Reached XP level 2. HP: 15/15 MP: 4/6
   317 | D:1      | Reached skill level 6 in Conjurations
   357 | D:1      | Found Dipte's Distillery.
   503 | D:1      | Learned a level 2 spell: Searing Ray
   529 | D:1      | Bought a potion of curing for 30 gold pieces
   950 | D:1      | Reached XP level 3. HP: 19/19 MP: 2/7
  1373 | D:1      | Bought a potion of brilliance for 40 gold pieces
  1528 | D:2      | Found a shimmering altar of Xom.
  2053 | D:3      | Reached skill level 3 in Spellcasting
  2053 | D:3      | Reached XP level 4. HP: 22/24 MP: 3/9
  2157 | D:3      | Found an ancient bone altar of Kikubaaqudgha.
  2258 | D:3      | Found a stormy altar of Qazlal.
  2410 | D:3      | Found a basalt altar of Yredelemnul.
  2412 | D:3      | Noticed a profane servitor
  2419 | D:3      | Reached skill level 7 in Conjurations
  2440 | D:3      | Found a glowing golden altar of the Shining One.
  2442 | D:3      | Noticed an angel
  2551 | D:3      | Noticed Sigmund
  2553 | D:3      | Gained mutation: Your magical nature lets you fly swiftly
                  | and evasively. [Tengu growth]
  2553 | D:3      | Reached XP level 5. HP: 28/28 MP: 1/11
  2638 | D:4      | Noticed an ice beast
  2751 | D:4      | Found a staircase to the Ecumenical Temple.
  2789 | Temple   | Entered the Ecumenical Temple
  2941 | Temple   | Became a worshipper of Vehumet
  3025 | D:4      | Noticed an ogre
  3030 | D:4      | Killed an ogre
  3031 | D:4      | Reached skill level 1 in Fighting
  3031 | D:4      | Reached XP level 6. HP: 34/34 MP: 6/12
  3185 | D:4      | Found a sparkling altar of Nemelex Xobeh.
  3203 | D:4      | Reached skill level 3 in Dodging
  3411 | D:4      | Found Lialyraori's Magic Scroll Shoppe.
  3437 | D:4      | Bought a scroll of blinking for 90 gold pieces
  3437 | D:4      | Bought a scroll of identify for 24 gold pieces
  3555 | D:4      | Found an ornate altar of the Wu Jian Council.
  3725 | D:4      | Reached * piety under Vehumet
  3725 | D:4      | Offered knowledge of Freeze by Vehumet.
  3847 | D:4      | Reached skill level 2 in Fighting
  3927 | D:4      | Found Qiwiar's Fire Supplies.
  4063 | D:4      | Found a runed translucent door.
  4064 | D:4      | Noticed Crazy Yiuf
  4182 | D:4      | Killed an ice beast
  4183 | D:4      | Reached skill level 4 in Spellcasting
  4183 | D:4      | Reached XP level 7. HP: 25/40 MP: 3/14
  4361 | D:5      | Entered Level 5 of the Dungeon
  4371 | D:5      | Reached skill level 3 in Fighting
  4371 | D:5      | Reached skill level 4 in Dodging
  4371 | D:5      | Reached skill level 8 in Conjurations
  4371 | D:5      | Reached skill level 1 in Air Magic
  4461 | D:5      | Found a snail-covered altar of Cheibriados.
  4531 | D:5      | Reached skill level 2 in Air Magic
  4635 | D:5      | Reached skill level 3 in Air Magic
  4708 | D:5      | Found a shimmering blue altar of Sif Muna.
  4730 | D:5      | Reached skill level 4 in Air Magic
  5065 | D:5      | Reached skill level 5 in Air Magic
  5189 | D:5      | Reached XP level 8. HP: 46/46 MP: 2/15
  5349 | D:5      | Reached skill level 6 in Air Magic
  5486 | D:5      | Found a shadowy altar of Dithmenos.
  5494 | D:5      | Reached skill level 7 in Air Magic
  5690 | D:5      | Found a broken altar of Ashenzari.
  5738 | D:6      | Identified the +3 scale mail of Fortification {Str+4}
  5812 | D:6      | Reached skill level 8 in Air Magic
  5886 | D:6      | Learned a level 4 spell: Airstrike
  6075 | D:6      | Offered knowledge of Scorch by Vehumet.
  6133 | D:6      | Found an opulent altar of Gozag.
  6272 | D:6      | Found Xuap's Weapon Boutique.
  6422 | D:6      | Reached skill level 1 in Evocations
  6829 | D:6      | Reached ** piety under Vehumet
  6913 | D:7      | Noticed Maggie
  6977 | D:7      | Killed Maggie
  6978 | D:7      | Reached skill level 4 in Fighting
  6978 | D:7      | Reached skill level 5 in Dodging
  6978 | D:7      | Reached skill level 2 in Evocations
  6978 | D:7      | Reached XP level 9. HP: 34/52 MP: 3/16
  7167 | D:7      | Found a sacrificial altar of Ru.
  7628 | D:7      | Identified the +0 robe of the Blessed Realm {Dex+2}
  7800 | D:7      | Reached skill level 5 in Fighting
  7949 | D:7      | Reached skill level 6 in Dodging
  7949 | D:7      | Reached skill level 3 in Evocations
  8183 | D:8      | Found a runed translucent gate.
  8183 | D:8      | Found a runed translucent gate.
  8183 | D:8      | Found a runed translucent gate.
  8183 | D:8      | Noticed a white ugly thing
  8184 | D:8      | Noticed a red ugly thing
  8184 | D:8      | Noticed a glowing orange brain
  8184 | D:8      | Noticed a green ugly thing
  8184 | D:8      | Noticed a purple ugly thing
  8192 | D:8      | Noticed a green ugly thing
  8195 | D:8      | Noticed a two-headed ogre
  8208 | D:8      | Killed a two-headed ogre
  8209 | D:8      | Reached skill level 10 in Air Magic
  8318 | D:8      | Offered knowledge of Static Discharge by Vehumet.
  8322 | D:8      | Reached skill level 11 in Air Magic
  8589 | D:8      | Noticed a hornet
  8680 | D:8      | Killed a hornet
  8681 | D:8      | Reached skill level 12 in Air Magic
  8681 | D:8      | Reached XP level 10. HP: 59/59 MP: 8/17
  8760 | D:8      | Learned a level 2 spell: Static Discharge
  8764 | D:8      | Reached *** piety under Vehumet
  8964 | D:8      | Learned a level 2 spell: Blink
  8981 | D:8      | Found a staircase to the Lair.
  9443 | D:9      | Found a burning altar of Makhleb.
  9461 | D:9      | Reached skill level 1 in Translocations
  9604 | D:9      | Offered knowledge of Inner Flame by Vehumet.
  9738 | D:9      | Noticed Gastronok
  9807 | D:9      | Noticed a kobold demonologist
  9809 | D:9      | Killed a kobold demonologist
 10124 | D:9      | Found a hazy altar of Hepliaklqana.
 10151 | D:9      | Noticed Erica
 10163 | D:9      | HP: 14/59 [something (16)]
 10163 | D:9      | HP: 6/59 [something (8)]
 10438 | D:9      | Reached skill level 2 in Translocations
 10873 | D:8      | Reached skill level 4 in Evocations
 11402 | D:8      | Reached skill level 3 in Translocations
 11661 | D:9      | Reached skill level 6 in Fighting
 11661 | D:9      | Reached skill level 7 in Dodging
 11661 | D:9      | Reached skill level 5 in Spellcasting
 11773 | D:9      | Noticed a boulder beetle
 11998 | D:9      | Killed a boulder beetle
 11999 | D:9      | Reached XP level 11. HP: 33/64 MP: 8/19
 12342 | D:9      | Killed Erica
 12343 | D:9      | Reached skill level 4 in Translocations
 12343 | D:9      | Reached skill level 5 in Evocations
 12597 | D:9      | Noticed a +0 dagger
 12597 | D:9      | Noticed a +0 dagger
 12598 | D:9      | Found a hide-covered altar of Uskayaw.
 12778 | D:9      | Found a hide-covered altar of Uskayaw.
 13218 | D:9      | Found a burning altar of Makhleb.
 13253 | D:9      | Found a hazy altar of Hepliaklqana.
 13361 | D:10     | Entered Level 10 of the Dungeon
 13385 | D:10     | Reached skill level 13 in Air Magic
 13642 | D:10     | Reached **** piety under Vehumet
 14206 | D:10     | Learned a level 5 spell: Lightning Bolt
 14582 | D:10     | Noticed a two-headed ogre
 14652 | D:10     | Killed a two-headed ogre
 14653 | D:10     | Reached skill level 7 in Fighting
 14653 | D:10     | Reached skill level 8 in Dodging
 14830 | D:10     | Paralysed by a hornet for 1 turns
 14839 | D:10     | HP: 6/67 [hornet (12)]
 14935 | D:10     | Noticed a two-headed ogre
 14938 | D:10     | Killed a two-headed ogre
 15057 | D:10     | Noticed a purple ugly thing
 15063 | D:10     | Noticed an orc knight
 15073 | D:10     | Noticed a brown ugly thing
 15091 | D:10     | Killed an orc knight
 15119 | D:10     | Killed a green ugly thing
 15120 | D:10     | Reached skill level 8 in Fighting
 15120 | D:10     | Reached skill level 14 in Air Magic
 15432 | D:9      | Offered knowledge of Arcjolt by Vehumet.
 15679 | D:10     | Killed a purple ugly thing
 15829 | D:10     | Noticed a centaur warrior
 15832 | D:10     | Killed a centaur warrior
 15833 | D:10     | Reached skill level 6 in Spellcasting
 16227 | D:10     | Found a blossoming altar of Fedhas.
 16490 | D:10     | Reached XP level 12. HP: 73/73 MP: 11/22
 16838 | D:10     | Identified the +1 rapier of Doam {antimagic, *Rage +Blink
                  | rF++ Will+}
 16941 | D:11     | Reached skill level 7 in Spellcasting
 16947 | D:11     | Learned a level 5 spell: Arcjolt
 17963 | D:11     | Noticed Josephine
 18691 | D:11     | Killed Josephine
 18692 | D:11     | Reached skill level 9 in Conjurations
 18692 | D:11     | Reached skill level 15 in Air Magic
 18966 | D:9      | Killed Gastronok
 18967 | D:9      | Reached skill level 6 in Evocations
 19034 | Lair:1   | Entered Level 1 of the Lair of Beasts
 19278 | D:8      | Reached skill level 9 in Dodging
 19325 | Lair:1   | Noticed Sonja
 19419 | Lair:1   | Killed Sonja
 19420 | Lair:1   | Reached skill level 9 in Fighting
 19586 | Lair:1   | Noticed Grum
 19731 | Lair:1   | Killed Grum
 20177 | Lair:1   | Reached XP level 13. HP: 80/80 MP: 10/24
 20257 | Lair:1   | Noticed Harold
 20262 | Lair:1   | Killed Harold
 20263 | Lair:1   | Reached skill level 10 in Conjurations
 20464 | Lair:1   | Reached ***** piety under Vehumet
 20477 | Lair:1   | Reached skill level 7 in Evocations
 20577 | Lair:1   | Offered knowledge of Eringya's Noxious Bog by Vehumet.
 20850 | Lair:1   | Identified the +9 rapier of Quajip {freeze, rCorr Str-4
                  | Int+2}
 22257 | Lair:1   | Reached skill level 16 in Air Magic
 22425 | Lair:2   | Reached skill level 10 in Dodging
 22779 | Lair:2   | Got the Anthology of Ozone
 23371 | Lair:2   | Found a staircase to the Swamp.
 23946 | Lair:2   | Reached skill level 10 in Fighting
 23946 | Lair:2   | Reached skill level 11 in Conjurations
 24238 | Lair:3   | HP: 16/82 [dream sheep (6)]
 24725 | Lair:3   | Reached skill level 8 in Spellcasting
 25020 | Lair:2   | Reached XP level 14. HP: 64/88 MP: 11/27
 25105 | Lair:2   | Learned a level 7 spell: Orb of Destruction
 25291 | Lair:3   | Reached skill level 11 in Dodging
 25906 | Lair:3   | Reached skill level 12 in Conjurations
 25906 | Lair:3   | Offered knowledge of Fireball by Vehumet.
 25907 | Lair:3   | Reached skill level 17 in Air Magic
 26003 | Lair:3   | HP: 21/88 [poisoned by a redback]
 26008 | Lair:3   | HP: 9/88 [poisoned by a redback]
 26013 | Lair:3   | HP: 6/88 [poisoned by a redback]
 26512 | Lair:3   | Found a hole to the Spider Nest.
 27336 | Lair:3   | Reached skill level 9 in Spellcasting
 27578 | Lair:4   | Reached skill level 13 in Conjurations
 27994 | Lair:4   | Reached skill level 14 in Conjurations
 28792 | Lair:4   | Reached skill level 15 in Conjurations
 29682 | Lair:4   | Found a viscous altar of Jiyva.
 29682 | Lair:4   | Found a staircase to the Slime Pits.
 30144 | Lair:4   | Found a bloodstained altar of Trog.
 30291 | Lair:5   | Entered Level 5 of the Lair of Beasts
 30294 | Lair:5   | Reached skill level 16 in Conjurations
 30428 | Lair:5   | Upgraded the game from 0.30-a0-585-g93115170b9 to
                  | 0.30-a0-586-g23e55c9e0a
 30607 | Lair:5   | Reached XP level 15. HP: 92/92 MP: 5/29
 30898 | Lair:4   | Offered knowledge of Freezing Cloud by Vehumet.
 30899 | Lair:4   | Reached skill level 17 in Conjurations
 31093 | Lair:4   | Learned a level 5 spell: Freezing Cloud
 32231 | Lair:5   | Reached skill level 8 in Evocations
 33636 | Lair:5   | Paralysed by a hornet for 1 turns
 34079 | Lair:5   | Identified the +4 quarterstaff of Wiagiqi {holy, rPois}
 34096 | Lair:5   | Reached skill level 1 in Shields
 34379 | Lair:5   | Reached skill level 2 in Shields
 35203 | D:1      | Bought a potion of curing for 30 gold pieces
 35203 | D:1      | Bought a potion of heal wounds for 50 gold pieces
 35203 | D:1      | Bought a potion of curing for 30 gold pieces
 35203 | D:1      | Bought a potion of magic for 80 gold pieces
 35203 | D:1      | Bought a potion of cancellation for 80 gold pieces
 35203 | D:1      | Bought a potion of curing for 30 gold pieces
 35279 | D:4      | Bought a scroll of magic mapping for 90 gold pieces
 35279 | D:4      | Bought a scroll of enchant weapon for 90 gold pieces
 35279 | D:4      | Bought a scroll of fog for 48 gold pieces
 35279 | D:4      | Bought a scroll of magic mapping for 90 gold pieces
 35279 | D:4      | Bought a scroll of identify for 24 gold pieces
 35571 | D:12     | Reached skill level 3 in Shields
 35697 | D:12     | Noticed Jorgrun
 35701 | D:12     | Killed Jorgrun
 36049 | D:12     | Noticed a frost giant
 36268 | D:12     | Noticed a fire giant
 36282 | D:12     | Noticed a fire giant
 36323 | D:12     | HP: 23/93 [fire giant/fireball (24)]
 36742 | D:12     | Killed a fire giant
 36743 | D:12     | Reached skill level 11 in Fighting
 36743 | D:12     | Reached skill level 4 in Shields
 36879 | D:12     | Noticed a frost giant
 36884 | D:12     | Killed a frost giant
 36987 | D:12     | Killed a frost giant
 37233 | D:12     | Noticed Rupert
 37235 | D:12     | Killed a fire giant
 37236 | D:12     | Killed Rupert
 37237 | D:12     | Reached skill level 12 in Dodging
 37237 | D:12     | Reached skill level 5 in Shields
 37657 | D:12     | Found a staircase to the Orcish Mines.
 38000 | Orc:1    | Entered Level 1 of the Orcish Mines
 38622 | Orc:2    | Entered Level 2 of the Orcish Mines
 38622 | Orc:2    | Found a radiant altar of Vehumet.
 38660 | Orc:2    | Found Godixt's Jewellery Boutique.
 38668 | Orc:2    | Bought a ring of willpower for 325 gold pieces
 38668 | Orc:2    | Bought a ring of magical power for 260 gold pieces
 39072 | Orc:2    | Reached XP level 16. HP: 89/100 MP: 28/30
 39595 | Orc:2    | Found Guirghod's Magic Scroll Emporium.
 39598 | Orc:2    | Found Zifuokhle's Distillery.
 39623 | Orc:2    | Reached ****** piety under Vehumet
 39729 | Orc:2    | Bought a scroll of fear for 64 gold pieces
 39729 | Orc:2    | Bought a scroll of identify for 32 gold pieces
 39729 | Orc:2    | Bought a scroll of fear for 64 gold pieces
 39729 | Orc:2    | Identified a scroll of acquirement
 39730 | Orc:2    | Acquired the +0 staff of Battle
 39730 | Orc:2    | Found the +0 staff of Battle
 39779 | Orc:2    | Offered knowledge of Conjure Ball Lightning by Vehumet.
 39995 | Orc:2    | Found a staircase to the Elven Halls.
 40193 | Orc:2    | Found Gunizu Ceff's Antique Weapon Boutique.
 40987 | Orc:2    | Reached skill level 12 in Fighting
 41020 | Orc:2    | Reached skill level 13 in Dodging
 41133 | Orc:2    | Found Guanef's Book Shop.
 41133 | Orc:2    | Found Ufiyzycysy's Antique Weapon Boutique.
 41149 | Orc:2    | Found a one-way gate leading to the halls of Pandemonium.
 41152 | Orc:2    | Paralysed by an orc sorcerer for 3 turns
 41906 | D:13     | Found a gate to the Vaults.
 42280 | D:13     | You are sucked into a shaft and drop 2 floors!
 42280 | D:15     | Entered Level 15 of the Dungeon
 42289 | D:15     | Found a gate leading to a gauntlet.
 42294 | D:15     | Noticed Louise
 42302 | D:15     | Killed Louise
 42308 | Gauntlet | Entered a Gauntlet
 42308 | Gauntlet | Found a large runed translucent door.
 42308 | Gauntlet | Found a large runed translucent door.
 42308 | Gauntlet | Found a large runed translucent door.
 42308 | Gauntlet | Found a large runed translucent door.
 42308 | Gauntlet | Found a large runed translucent door.
 42308 | Gauntlet | Found a large runed translucent door.
 42308 | Gauntlet | Found a large runed translucent door.
 42308 | Gauntlet | Found a large runed translucent door.
 42308 | Gauntlet | Found a runed translucent door.
 42308 | Gauntlet | Found a runed translucent gate.
 42308 | Gauntlet | Found a transporter.
 42308 | Gauntlet | Found a transporter.
 42308 | Gauntlet | Found a runed translucent gate.
 42308 | Gauntlet | Found a transporter.
 42388 | Gauntlet | Found a transporter.
 42388 | Gauntlet | Found a transporter.
 42388 | Gauntlet | Found a transporter.
 42398 | Gauntlet | Found a transporter.
 42398 | Gauntlet | Found a transporter.
 42402 | Gauntlet | Found a transporter.
 42412 | Gauntlet | Found a transporter.
 42449 | Gauntlet | Found the amulet of Elemental Vulnerability {rPois rF--
                  | rC-- AC+8}
 42457 | Gauntlet | Found a runed translucent gate.
 42458 | Gauntlet | Found a large runed translucent door.
 42458 | Gauntlet | Found a large runed translucent door.
 42459 | Gauntlet | Found a large runed translucent door.
 42460 | Gauntlet | Found a large runed translucent door.
 42461 | Gauntlet | Found a large runed translucent door.
 42461 | Gauntlet | Found a large runed translucent door.
 42461 | Gauntlet | Found a runed translucent door.
 42462 | Gauntlet | Found a large runed translucent door.
 42463 | Gauntlet | Found a large runed translucent door.
 42520 | Gauntlet | Found a transporter.
 42531 | Gauntlet | Found a transporter.
 42678 | Gauntlet | Identified the +1 cloak of Puxkotynt {*Slow rElec rCorr}
 42757 | Gauntlet | Identified the amulet "Meof" {-Cast rN+ Regen+ Slay+2}
 43010 | D:15     | Noticed Nessos
 43013 | D:15     | Nessos changed into Nessos the fire crab
 43013 | D:15     | Noticed Nessos
 43015 | D:15     | Killed Nessos the fire crab
 43019 | D:15     | Found a frozen archway.
 43029 | IceCv    | Entered an ice cave
 43054 | IceCv    | Offered knowledge of Ozocubu's Refrigeration by Vehumet.
 43399 | IceCv    | Reached skill level 13 in Fighting
 43399 | IceCv    | Reached skill level 14 in Dodging
 44757 | IceCv    | Offered knowledge of Irradiate by Vehumet.
 45563 | D:15     | Reached XP level 17. HP: 110/110 MP: 25/31
 45920 | D:15     | Reached skill level 10 in Spellcasting
 45946 | D:15     | Learned a level 5 spell: Irradiate
 45968 | D:15     | Found a runed translucent gate.
 45968 | D:15     | Found a runed translucent gate.
 45968 | D:15     | Found an ancient bone altar of Kikubaaqudgha.
 45968 | D:15     | Found a runed translucent gate.
 45969 | D:15     | Noticed a lich
 45969 | D:15     | Noticed Pomaec's ghost (journeyman TrCA)
 45969 | D:15     | Noticed a lich
 45970 | D:15     | Noticed a lich
 45970 | D:15     | Noticed a lich
 46341 | D:14     | Found a portal to a secret trove of treasure.
 46860 | D:14     | Reached skill level 15 in Dodging
 47071 | D:14     | Reached skill level 14 in Fighting
 47348 | D:13     | Noticed Snorg
 47373 | D:13     | Killed Snorg
 47374 | D:13     | Reached skill level 6 in Shields
 47911 | D:15     | Found a staircase to the Depths.
 48027 | D:15     | Noticed Azrael
 48031 | D:15     | Killed Azrael
 48444 | D:3      | Killed Sigmund
 48538 | D:4      | Killed Crazy Yiuf
 48674 | D:8      | Offered knowledge of Lehudib's Crystal Spear by Vehumet.
 48757 | D:8      | Found a runed translucent gate.
 48757 | D:8      | Found a runed translucent gate.
 48761 | D:8      | Noticed Athor's ghost (novice FoFi)
 48762 | D:8      | Found a runed translucent gate.
 48778 | D:8      | Killed Athor's ghost
 48813 | D:8      | Identified the +2 cloak of the Old World {Harm Rampage}
 48818 | D:8      | Gained mutation: Your spells are a little easier to cast,
                  | but a little less powerful. [mutagenic glow]
 48838 | D:8      | Gained mutation: Armour fits poorly on your strangely
                  | shaped body. [mutagenic glow]
 48857 | D:8      | Gained mutation: You have hidden genetic defects.
                  | [mutagenic glow]
 48929 | D:8      | Lost mutation: Your spells are a little easier to cast, but
                  | a little less powerful. [potion of mutation]
 48929 | D:8      | Lost mutation: You have hidden genetic defects. [potion of
                  | mutation]
 48929 | D:8      | Gained mutation: Your spells are a little harder to cast,
                  | but a little more powerful. [potion of mutation]
 48929 | D:8      | Gained mutation: You are frail. (-10% HP) [potion of
                  | mutation]
 48929 | D:8      | Gained mutation: Your magical capacity is low. (-10% MP)
                  | [potion of mutation]
 48930 | D:8      | Lost mutation: Your spells are a little harder to cast, but
                  | a little more powerful. [potion of mutation]
 48930 | D:8      | Lost mutation: Armour fits poorly on your strangely shaped
                  | body. [potion of mutation]
 48930 | D:8      | Gained mutation: You are partially covered in iridescent
                  | scales. (AC +2) [potion of mutation]
 48930 | D:8      | Lost mutation: You are frail. (-10% HP) [potion of
                  | mutation]
 48931 | D:8      | Lost mutation: Your magical capacity is low. (-10% MP)
                  | [potion of mutation]
 48931 | D:8      | Lost mutation: You are partially covered in iridescent
                  | scales. (AC +2) [potion of mutation]
 48931 | D:8      | Gained mutation: You are frail. (-10% HP) [potion of
                  | mutation]
 48932 | D:8      | Lost mutation: You are frail. (-10% HP) [potion of
                  | mutation]
 48932 | D:8      | Gained mutation: You are partially covered in iridescent
                  | scales. (AC +2) [potion of mutation]
 48932 | D:8      | Gained mutation: Your natural rate of healing is unusually
                  | fast. [potion of mutation]
 49336 | Swamp:1  | Entered Level 1 of the Swamp
 50371 | Swamp:2  | Reached skill level 11 in Spellcasting
 50425 | Swamp:2  | Learned a level 8 spell: Maxwell's Capacitive Coupling
 51532 | Swamp:3  | Reached skill level 18 in Air Magic
 51639 | Swamp:3  | Reached skill level 7 in Shields
 51853 | Swamp:3  | Gained mutation: You have hidden genetic defects.
                  | [mutagenic glow]
 52533 | Swamp:4  | Entered Level 4 of the Swamp
 52537 | Swamp:4  | Reached skill level 18 in Conjurations
 52537 | Swamp:4  | Reached XP level 18. HP: 115/117 MP: 25/34
 52994 | Swamp:4  | Reached skill level 16 in Dodging
 53002 | Swamp:3  | Gained mutation: You sometimes lose your temper in combat.
                  | [hidden defects]
 53207 | Swamp:4  | Reached skill level 8 in Shields
 53225 | Swamp:4  | Noticed a tentacled monstrosity
 53229 | Swamp:4  | Killed a tentacled monstrosity
 53445 | Swamp:4  | Reached skill level 15 in Fighting
 54092 | Swamp:4  | Gained mutation: You are dopey. (Int -2) [hidden defects]
 54092 | Swamp:4  | Lost mutation: You have hidden genetic defects. [hidden
                  | defects expressed]
 54341 | Swamp:4  | Reached skill level 9 in Shields
 54781 | Swamp:4  | Got a decaying rune of Zot
 54916 | Spider:1 | Entered Level 1 of the Spider Nest
 55148 | Spider:2 | Noticed an entropy weaver
 55152 | Spider:2 | Killed an entropy weaver
 55165 | Spider:2 | Gained mutation: Your magical capacity is low. (-10% MP)
                  | [mutagenic glow]
 55177 | Spider:2 | Gained mutation: You occasionally lose the ability to read
                  | scrolls when taking damage. [mutagenic glow]
 55194 | Spider:2 | Gained mutation: You are frail. (-10% HP) [mutagenic glow]
 55210 | Spider:2 | Gained mutation: Armour fits poorly on your strangely
                  | shaped body. [mutagenic glow]
 55211 | Spider:2 | Lost mutation: You occasionally lose the ability to read
                  | scrolls when taking damage. [potion of mutation]
 55211 | Spider:2 | Lost mutation: You sometimes lose your temper in combat.
                  | [potion of mutation]
 55211 | Spider:2 | Lost mutation: You are dopey. (Int -2) [potion of mutation]
 55211 | Spider:2 | Gained mutation: You are mostly covered in iridescent
                  | scales. (AC +4) [potion of mutation]
 55212 | Spider:2 | Lost mutation: Your magical capacity is low. (-10% MP)
                  | [potion of mutation]
 55212 | Spider:2 | Lost mutation: Your natural rate of healing is unusually
                  | fast. [potion of mutation]
 55212 | Spider:2 | Gained mutation: Your mind is acute. (Int +4, Str/Dex -1)
                  | [potion of mutation]
 55212 | Spider:2 | Gained mutation: You are vulnerable to heat. (rF-) [potion
                  | of mutation]
 55212 | Spider:2 | Gained mutation: You are covered in fur. (AC +1) [potion of
                  | mutation]
 55976 | Spider:2 | Reached skill level 17 in Dodging
 56395 | Spider:2 | p0werm0de:
                  | https://cdn.discordapp.com/attachments/545126075630354452/1
                  | 059802017448591370/IMG_20230103_125435_298.jpg
 56566 | Spider:2 | Reached skill level 10 in Shields
 56943 | Spider:1 | Noticed an entropy weaver
 56946 | Spider:1 | Killed an entropy weaver
 57487 | Spider:1 | Gained mutation: You occasionally shout uncontrollably at
                  | your foes. [mutagenic glow]
 57496 | Spider:1 | Reached skill level 19 in Air Magic
 57862 | Spider:3 | Offered knowledge of Shatter by Vehumet.
 57862 | Spider:3 | Offered knowledge of Chain Lightning by Vehumet.
 57862 | Spider:3 | Offered knowledge of Polar Vortex by Vehumet.
 57864 | Spider:3 | Reached XP level 19. HP: 111/111 MP: 28/35
 58281 | Spider:3 | Noticed Nikola
 58284 | Spider:3 | Killed Nikola
 58929 | Spider:3 | Reached skill level 12 in Spellcasting
 59024 | Spider:3 | Reached XP level 20. HP: 116/116 MP: 37/37
 59612 | Spider:4 | Entered Level 4 of the Spider Nest
 59663 | Spider:4 | Reached skill level 13 in Spellcasting
 60263 | Spider:4 | Noticed an entropy weaver
 60266 | Spider:4 | Killed an entropy weaver
 60753 | Spider:4 | Reached skill level 14 in Spellcasting
 60789 | Spider:3 | Learned a level 9 spell: Chain Lightning
 60927 | Spider:4 | Noticed Arachne
 61001 | Spider:4 | Killed Arachne
 61907 | Spider:4 | Got a gossamer rune of Zot
 62760 | Vaults:1 | Entered Level 1 of the Vaults
 63037 | Vaults:1 | Noticed an entropy weaver
 63148 | Vaults:1 | Killed an entropy weaver
 63731 | Vaults:1 | Reached skill level 20 in Air Magic
 63731 | Vaults:1 | Noticed an entropy weaver
 63733 | Vaults:1 | Reached skill level 19 in Conjurations
 63734 | Vaults:1 | Killed an entropy weaver
 63874 | Vaults:1 | Reached XP level 21. HP: 120/120 MP: 38/40
 64160 | Vaults:1 | Noticed Saint Roka
 64167 | Vaults:1 | Killed Saint Roka
 64712 | Vaults:1 | Reached skill level 11 in Shields
 65649 | Vaults:2 | Reached skill level 15 in Spellcasting
 66565 | Vaults:2 | Noticed Xtahua
 66849 | Vaults:2 | Killed Xtahua
 67366 | Vaults:2 | Reached skill level 20 in Conjurations
 67377 | Vaults:2 | Reached skill level 21 in Air Magic
 67717 | Vaults:2 | Reached skill level 12 in Shields
 68721 | Vaults:3 | Reached skill level 21 in Conjurations
 69345 | Vaults:3 | Found a staircase to the Crypt.
 69569 | Vaults:3 | Noticed a deep elf demonologist
 69569 | Vaults:3 | Noticed an entropy weaver
 69572 | Vaults:3 | an entropy weaver changed into a meliai
 69573 | Vaults:3 | Killed a deep elf demonologist
 69789 | Vaults:3 | Identified the +8 glaive of the Thing {elec, Fragile +Blink
                  | Dex+4}
 69926 | Vaults:3 | Reached XP level 22. HP: 126/126 MP: 21/42
 71044 | Vaults:4 | Noticed a lich
 71047 | Vaults:4 | Killed a lich
 71473 | Vaults:4 | Found Emoil's Jewellery Boutique.
 71791 | Orc:2    | Bought a scroll of amnesia for 64 gold pieces
 71800 | Orc:2    | Learned a level 7 spell: Spellforged Servitor
 72033 | Vaults:4 | Reached skill level 1 in Summonings
 72060 | Vaults:4 | Reached skill level 2 in Summonings
 72083 | Vaults:4 | Reached skill level 3 in Summonings
 72097 | Vaults:4 | Reached skill level 4 in Summonings
 72352 | Vaults:4 | Reached skill level 5 in Summonings
 72399 | Vaults:4 | Reached skill level 6 in Summonings
 72878 | Vaults:4 | Reached skill level 7 in Summonings
 73136 | Vaults:4 | Reached skill level 8 in Summonings
 73661 | Depths:1 | Entered Level 1 of the Depths
 73675 | Depths:1 | Reached skill level 22 in Conjurations
 73675 | Depths:1 | Reached skill level 22 in Air Magic
 73840 | Depths:1 | Lost mutation: You occasionally shout uncontrollably at
                  | your foes. [mutagenic glow]
 75004 | Depths:1 | Found a one-way gateway to a ziggurat.
 75028 | Depths:1 | Noticed Sojobo
 75035 | Depths:1 | Killed Sojobo
 75477 | Depths:1 | Reached skill level 23 in Conjurations
 75477 | Depths:1 | Reached skill level 23 in Air Magic
 75696 | Depths:1 | Reached XP level 23. HP: 129/129 MP: 43/43
 75847 | Depths:1 | Found a runed translucent door.
 75849 | Depths:1 | Noticed Dirtsage's ghost (adept DsMo)
 75967 | Depths:1 | Found a gateway to Hell.
 76065 | Depths:1 | Found a one-way gate to the infinite horrors of the Abyss.
 76231 | Depths:2 | Upgraded the game from 0.30-a0-586-g23e55c9e0a to
                  | 0.30-a0-591-g3c58d2bc28
 76426 | Depths:2 | Identified the ring "Qeexzedd" {rC+ rN++ Str-4 Int+6}
 76868 | Depths:2 | Noticed a juggernaut
 76873 | Depths:2 | Killed a juggernaut
 77831 | Depths:2 | Reached skill level 24 in Conjurations
 77831 | Depths:2 | Reached skill level 24 in Air Magic
 78317 | Depths:2 | Found Fakuxel's Book Shoppe.
 78488 | Depths:2 | HP: 27/129 [hell hog/fireball (13)]
 79274 | Depths:3 | Noticed a caustic shrike
 79274 | Depths:3 | Noticed a caustic shrike
 79274 | Depths:3 | Noticed a caustic shrike
 79343 | Depths:3 | Reached skill level 18 in Dodging
 79884 | Depths:3 | Noticed a golden dragon
 79889 | Depths:3 | Killed a golden dragon
 80350 | Depths:3 | Reached skill level 9 in Evocations
 80636 | Depths:2 | Killed a caustic shrike
 80939 | Depths:2 | HP: 31/131 [spriggan defender/+2 vampiric demon whip (18)]
 80990 | Depths:2 | p0werm0de: https://www.youtube.com/watch?v=jEF-0DY8pJw
 81217 | Depths:2 | Reached skill level 13 in Shields
 81331 | Depths:2 | Killed a caustic shrike
 81486 | Depths:3 | Killed a caustic shrike
 81572 | Depths:3 | Reached XP level 24. HP: 131/136 MP: 25/43
 81653 | Depths:3 | Noticed a juggernaut
 81660 | Depths:2 | Killed a juggernaut
 81661 | Depths:2 | Reached skill level 16 in Fighting
 81661 | Depths:2 | Reached skill level 10 in Evocations
 81794 | Depths:3 | Noticed a caustic shrike
 81797 | Depths:3 | Killed a caustic shrike
 82267 | Depths:3 | Noticed a lich
 82270 | Depths:3 | Killed a lich
 82628 | Depths:3 | Noticed a juggernaut
 83158 | Depths:3 | Killed a juggernaut
 83245 | Depths:3 | Reached skill level 11 in Evocations
 83251 | Depths:3 | Reached skill level 14 in Shields
 83638 | Depths:3 | Found a corrupted altar of Lugonu.
 84007 | Depths:4 | Entered Level 4 of the Depths
 84015 | Depths:4 | Noticed a lich
 84135 | Depths:4 | Killed a lich
 84344 | Depths:4 | Found a runed translucent gate.
 84344 | Depths:4 | Found a runed translucent gate.
 84344 | Depths:4 | Found a runed translucent gate.
 84345 | Depths:4 | Identified the ring of Nihilism {Wiz rN+ Int+3}
 84627 | Depths:4 | Found a transporter.
 84636 | Depths:4 | Found a transporter.
 85140 | Depths:3 | Reached skill level 17 in Fighting
 85689 | Depths:4 | Reached skill level 12 in Evocations
 86099 | Depths:4 | Reached skill level 15 in Shields
 86341 | Depths:4 | Found a gate to the Realm of Zot.
 86545 | Depths:4 | Noticed a juggernaut
 86549 | Depths:4 | Killed a juggernaut
 86556 | Depths:4 | Found a transporter.
 86659 | Depths:4 | Found a transporter.
 87082 | Depths:4 | Found a transporter.
 87084 | Depths:4 | Reached XP level 25. HP: 144/144 MP: 43/43
 87085 | Depths:4 | Found a transporter.
 87501 | Depths:4 | Noticed Nemuarooze's ghost (adept HOMo)
 87773 | Depths:4 | Reached skill level 19 in Dodging
 87948 | Depths:3 | Killed Nemuarooze's ghost
 88096 | Depths:4 | Identified the +2 hat "Bomeunuboqo" {Rampage *Corrode rN+
                  | Dex+5}
 88214 | D:15     | Killed a lich
 88215 | D:15     | Killed a lich
 88215 | D:15     | Killed a lich
 88216 | D:15     | Reached skill level 16 in Shields
 88216 | D:15     | Killed Pomaec's ghost
 88217 | D:15     | Killed a lich
 88222 | D:15     | Identified the ring "Uxtiadgh" {rF++ rC+ rN+ Int+2}
 88231 | D:15     | Identified the +2 pair of boots "Zediar" {Int+3}
 88237 | D:15     | Identified the +7 morningstar "Veiprymu" {freeze, rC- Dex+2
                  | SInv}
 88933 | Slime:1  | Entered Level 1 of the Pits of Slime
 89172 | Slime:2  | Gained mutation: Your spells are a little easier to cast,
                  | but a little less powerful. [a shining eye]
 89176 | Slime:2  | Noticed Dissolution
 89403 | Slime:2  | Killed Dissolution
 89699 | Slime:2  | Reached skill level 17 in Shields
 90097 | Slime:5  | Entered Level 5 of the Pits of Slime
 90480 | Slime:5  | Reached skill level 18 in Shields
 91079 | Slime:5  | Noticed the Royal Jelly
 92501 | Slime:5  | Killed the Royal Jelly
 92680 | Slime:5  | HP: 32/144 [arc of chain lightning (6)]
 93355 | Slime:5  | Got a slimy rune of Zot
 93362 | Slime:5  | Identified the ring of Xaiseama {+Blink rC+ Stlth+}
 93371 | Slime:5  | Found the +2 ratskin cloak {*Rats rPois rN+ Str-1 Int-1
                  | Dex+1}
 93443 | Slime:5  | Identified the ring "Pousoh" {rN+ Str+6 Dex-3 Stlth+}
 93446 | Slime:5  | Identified the +1 cloak "Erumm" {-Tele rN++}
 93827 | Elf:1    | Entered Level 1 of the Elven Halls
 93837 | Elf:1    | Noticed a deep elf demonologist
 93862 | Elf:1    | Noticed a deep elf demonologist
 93867 | Elf:1    | Killed a deep elf demonologist
 94049 | Elf:1    | Killed a deep elf demonologist
 94209 | Elf:1    | Noticed a deep elf sorcerer
 94214 | Elf:1    | Killed a deep elf sorcerer
 94642 | Elf:1    | Got the Volume of Nightshade
 94707 | Elf:1    | You are sucked into a shaft and drop 1 floor!
 94822 | Elf:2    | Reached XP level 26. HP: 69/149 MP: 6/43
 95305 | Elf:2    | Found a runed translucent gate.
 95306 | Elf:2    | Found a runed translucent gate.
 95310 | Elf:2    | Found a runed translucent gate.
 95538 | Elf:2    | Found a transporter.
 95547 | Elf:2    | Found a bloodstained altar of Trog.
 95547 | Elf:2    | Noticed bmj180's ghost (veteran MiFi)
 95565 | Elf:2    | Found a transporter.
 95567 | Elf:2    | Found Gaommi Liech's Weapon Boutique.
 95977 | Elf:1    | Found a shimmering blue altar of Sif Muna.
 96605 | Elf:3    | Entered Level 3 of the Elven Halls
 96605 | Elf:3    | Noticed Roxanne
 96613 | Elf:3    | Killed Roxanne
 96849 | Elf:3    | Found a runed translucent door.
 96852 | Elf:3    | Noticed Jezewia's ghost (adept DEFE)
 96855 | Elf:3    | Found the +6 arbalest "Damnation" {damnation}
 96980 | Elf:3    | Reached skill level 19 in Shields
 97653 | Elf:3    | Noticed a deep elf sorcerer
 97657 | Elf:3    | Killed a deep elf sorcerer
 97658 | Elf:3    | Identified the +11 long sword "Reniugg" {speed, *Noise rN+
                  | SInv Stlth+}
 97658 | Elf:3    | Identified the +3 buckler of Xaeh Sugont {Str+2 Int+4
                  | Dex+2}
 97658 | Elf:3    | Noticed a deep elf sorcerer
 97658 | Elf:3    | Identified the +7 quarterstaff of Chaos {heavy, *Rage rElec
                  | Str+4 SInv}
 97658 | Elf:3    | Identified the +3 leather armour of Huorho {rPois rN+++
                  | rCorr Dex-3}
 97658 | Elf:3    | Identified the ring "Baysaam" {Wiz Will+ Int+3}
 97668 | Elf:3    | Identified the +12 whip "Totoa" {pain, rC+}
 97669 | Elf:3    | Reached skill level 25 in Conjurations
 97669 | Elf:3    | Reached skill level 25 in Air Magic
 97670 | Elf:3    | Noticed a deep elf demonologist
 97671 | Elf:3    | Killed a deep elf sorcerer
 97671 | Elf:3    | Noticed a deep elf demonologist
 97672 | Elf:3    | Killed a deep elf demonologist
 97672 | Elf:3    | Killed a deep elf demonologist
 97672 | Elf:3    | Noticed a deep elf sorcerer
 97674 | Elf:3    | Killed a deep elf sorcerer
 97875 | Elf:3    | Noticed a deep elf demonologist
 97878 | Elf:3    | Killed a deep elf demonologist
 97948 | Elf:3    | Identified the +2 hand axe of Okawaru's Castigation {heavy,
                  | *Corrode Int+2 Stlth+}
 97972 | Elf:3    | Identified the ring of Sin {Ice Int+3 Dex+3}
 97972 | Elf:3    | Noticed a deep elf demonologist
 97976 | Elf:3    | Noticed a Brimstone Fiend
 97976 | Elf:3    | Killed a deep elf demonologist
 98174 | Elf:3    | Identified the +2 lajatang "Gussifoa" {flame, rElec Will+
                  | Str+4}
 98281 | Elf:3    | Found the +2 Maxwell's thermic engine {flame, freeze}
 98470 | Elf:3    | Killed Jezewia's ghost
 98777 | Crypt:1  | Entered Level 1 of the Crypt
 98820 | Crypt:1  | Noticed Bai Suzhen
 99046 | Crypt:1  | Killed Bai Suzhen
 99082 | Crypt:1  | Noticed Khufu
 99264 | Crypt:1  | Noticed a curse skull
 99267 | Crypt:1  | Killed a curse skull
 99644 | Crypt:1  | Noticed a royal mummy
 99647 | Crypt:1  | Noticed a royal mummy
 99647 | Crypt:1  | HP: 32/151 [??? (11)]
 99649 | Crypt:1  | HP: 10/151 [royal mummy/divine providence[Khufu] (10)]
100100 | Crypt:1  | Killed Khufu
100101 | Crypt:1  | Killed a royal mummy
100103 | Crypt:1  | Killed a royal mummy
100628 | Crypt:1  | Got the Octavo of the Spheres
100800 | Crypt:1  | You are sucked into a shaft and drop 1 floor!
100815 | Crypt:2  | Noticed a curse skull
100822 | Crypt:2  | Killed a curse skull
100860 | Crypt:2  | Reached skill level 26 in Air Magic
100861 | Crypt:2  | Reached skill level 18 in Fighting
100861 | Crypt:2  | Reached skill level 26 in Conjurations
100863 | Crypt:2  | Reached skill level 20 in Dodging
101229 | Crypt:1  | Reached XP level 27. HP: 147/155 MP: 34/43
102074 | Crypt:3  | Entered Level 3 of the Crypt
102298 | Crypt:3  | Noticed a curse skull
102304 | Crypt:3  | Killed a curse skull
103054 | Crypt:3  | Noticed a lich
103057 | Crypt:3  | Killed a lich
103494 | Crypt:3  | Found a staircase to the Tomb.
104334 | Crypt:3  | Noticed a lich
104338 | Crypt:3  | Killed a lich
104338 | Crypt:3  | Noticed a curse toe
104349 | Crypt:3  | Killed a curse toe
104350 | Crypt:3  | Reached skill level 27 in Conjurations
104350 | Crypt:3  | Reached skill level 27 in Air Magic
104835 | Crypt:3  | Found a basalt altar of Yredelemnul.
104840 | Crypt:3  | Found an ancient bone altar of Kikubaaqudgha.
104857 | Crypt:3  | Got Oteum's Compendium of Turbulence
104895 | Crypt:3  | Found the +8 Vampire's Tooth {vamp}
104903 | Crypt:3  | Identified the +10 shortbow "Hell-Harrower" {flame, Dex+4
                  | Stlth+}
105523 | Elf:2    | Killed bmj180's ghost
105524 | Elf:2    | Reached skill level 19 in Fighting
105525 | Elf:2    | Identified the +1 hat of Impressiveness {rN+}
106073 | Depths:1 | Killed Dirtsage's ghost
106225 | Depths:3 | Lost mutation: You are covered in fur. (AC +1) [potion of
                  | mutation]
106225 | Depths:3 | Lost mutation: Armour fits poorly on your strangely shaped
                  | body. [potion of mutation]
106225 | Depths:3 | Gained mutation: You are completely covered in iridescent
                  | scales. (AC +6) [potion of mutation]
106274 | Depths:4 | Lost mutation: Your spells are a little easier to cast, but
                  | a little less powerful. [potion of mutation]
106274 | Depths:4 | Lost mutation: You are vulnerable to heat. (rF-) [potion of
                  | mutation]
106274 | Depths:4 | Lost mutation: You are frail. (-10% HP) [potion of
                  | mutation]
106534 | Orc:2    | Bought a potion of curing for 39 gold pieces
106534 | Orc:2    | Bought 2 potions of heal wounds for 130 gold pieces
106534 | Orc:2    | Bought a potion of ambrosia for 104 gold pieces
106534 | Orc:2    | Bought a potion of resistance for 130 gold pieces
106534 | Orc:2    | Bought a potion of curing for 39 gold pieces
106534 | Orc:2    | Bought a potion of resistance for 130 gold pieces
106534 | Orc:2    | Bought a potion of curing for 39 gold pieces
106727 | Depths:4 | hittemvvvvvvvvhard: !lg
106727 | Depths:4 | beem: 6. hittemvvvvvvvvhard the Cudgeller (L6 MeBe of
                  | Trog), slain by a gnoll (a +0 club) on D:3 on 2022-12-31
                  | 20:00:48, with 187 points after 859 turns and 0:06:29.
106727 | Zot:1    | Entered Level 1 of the Realm of Zot
107536 | Zot:1    | Found a transporter.
107622 | Zot:1    | Found a transporter.
107762 | Zot:1    | Found a transporter.
107792 | Zot:1    | Reached skill level 20 in Fighting
107861 | Zot:1    | HP: 44/179 [poison (poison gas)]
108947 | Zot:1    | Found a transporter.
109212 | Zot:2    | Noticed a curse toe
109216 | Zot:1    | Killed a curse toe
109536 | Zot:2    | Noticed a curse toe
109683 | Zot:2    | Killed a curse toe
110288 | Zot:3    | Noticed Parghit
110291 | Zot:3    | Killed Parghit
110529 | Zot:4    | Noticed a curse toe
110531 | Zot:4    | Killed a curse toe
111267 | Zot:5    | Entered Level 5 of the Realm of Zot
111404 | Zot:5    | Reached skill level 13 in Evocations
112862 | Zot:5    | Noticed an orb of fire
112865 | Zot:5    | Killed an orb of fire
113112 | Zot:5    | Noticed an orb of fire
113115 | Zot:5    | Gained mutation: You occasionally shout uncontrollably at
                  | your foes. [an orb of fire]
113121 | Zot:5    | Killed an orb of fire
113296 | Zot:5    | Noticed a dread lich
113298 | Zot:5    | Killed a dread lich
113898 | Zot:5    | Noticed a curse toe
113907 | Zot:5    | Killed a curse toe
113908 | Zot:5    | Reached skill level 16 in Spellcasting
114120 | Zot:5    | Reached skill level 21 in Dodging
114682 | Zot:5    | Reached skill level 20 in Shields
114990 | Zot:5    | Reached skill level 21 in Fighting
115011 | Zot:5    | Noticed an orb of fire
115188 | Zot:5    | Gained mutation: Your spells are a little easier to cast,
                  | but a little less powerful. [an orb of fire]
115189 | Zot:5    | Killed an orb of fire
115260 | Zot:5    | Noticed an ancient lich
115262 | Zot:5    | Killed an ancient lich
115487 | Zot:5    | Noticed an orb of fire
115491 | Zot:5    | Killed an orb of fire
115686 | Zot:5    | Reached skill level 14 in Evocations
116274 | Zot:5    | Got the Orb of Zot
116311 | Zot:5    | Noticed an orb of fire
116313 | Zot:5    | Lost mutation: Your spells are a little easier to cast, but
                  | a little less powerful. [an orb of fire]
116316 | Zot:5    | Killed an orb of fire
116395 | Zot:5    | Noticed Fyzikex the pandemonium lord
116649 | Depths:3 | Noticed Tuoschek the pandemonium lord
116937 | D:$      | Escaped with the Orb!

Table legend: (Time is in decaauts)
 A = Elapsed time spent in this place.
 B = Non-inter-level travel time spent in this place.
 C = Inter-level travel time spent in this place.
 D = Time resting spent in this place.
 E = Time spent auto-exploring this place.
 F = Levels seen in this place.
 G = Mean time per level.
                   A        B        C        D        E       F      G
               +--------+--------+--------+--------+--------+-----+--------+
         Total | 112862 | 105281 |   7581 |  21186 |  70512 |  57 | 1980.0 |
       Dungeon |  27895 |  24703 |   3192 |   3185 |  17918 |  15 | 1859.7 |
        Temple |    181 |     96 |     85 |      0 |     81 |   1 |  181.0 |
          Lair |  15435 |  14739 |    696 |   2207 |  10648 |   5 | 3087.0 |
         Swamp |   5241 |   5023 |    218 |   1306 |   3160 |   4 | 1310.2 |
   Spider Nest |   7367 |   7115 |    252 |   1717 |   4531 |   4 | 1841.8 |
    Slime Pits |   4498 |   4278 |    220 |   3356 |    427 |   5 |  899.6 |
  Orcish Mines |   3860 |   3539 |    321 |     99 |   3092 |   2 | 1930.0 |
   Elven Halls |   4702 |   4490 |    212 |    446 |   3335 |   3 | 1567.3 |
        Vaults |  11094 |  10332 |    762 |   1483 |   7676 |   4 | 2773.5 |
         Crypt |   5599 |   5454 |    145 |   1142 |   3520 |   3 | 1866.3 |
        Depths |  14593 |  13579 |   1014 |   2455 |   9357 |   4 | 3648.2 |
           Zot |   9326 |   8866 |    460 |   3650 |   4207 |   5 | 1865.2 |
      Ice Cave |   2427 |   2427 |      0 |     57 |   2094 |   1 | 2427.0 |
      Gauntlet |    637 |    637 |      0 |     81 |    459 |   1 |  637.0 |
               +--------+--------+--------+--------+--------+-----+--------+

Top non-repeatable levels by time:
Depths:2: 4992 daAuts
   Zot:5: 4449 daAuts
     D:8: 3812 daAuts
Depths:3: 3545 daAuts
Depths:4: 3416 daAuts
  Lair:4: 3416 daAuts
  Lair:3: 3349 daAuts
Vaults:3: 3328 daAuts
   Orc:2: 3228 daAuts
Vaults:1: 3223 daAuts
  Lair:5: 3074 daAuts
  Lair:2: 2947 daAuts
    D:10: 2929 daAuts
    D:12: 2887 daAuts
     D:9: 2748 daAuts

Table legend:
 A = Kills in this place as a percentage of kills in entire the game.
 B = Kills by you in this place as a percentage of kills by you in the entire game.
 C = Kills by friends in this place as a percentage of kills by friends in the entire game.
 D = Other kills in this place as a percentage of other kills in the entire game.
 E = Experience gained in this place as a percentage of experience gained in the entire game.
 F = Experience gained in this place divided by the number of levels of this place that you have seen.
                   A       B       C       D       E      F
               +-------+-------+-------+-------+-------+----------------------
         Total | 100.0 | 100.0 | 100.0 | 100.0 | 100.0 | 26907.3
       Dungeon |  16.9 |  17.3 |   6.0 |  14.3 |   6.1 | 6267.2
          Lair |  10.1 |  10.4 |   1.2 |   0.0 |   5.4 | 16584.2
         Swamp |   5.5 |   5.6 |   1.2 |   0.0 |   4.2 | 16240.2
   Spider Nest |   9.1 |   9.4 |   0.0 |  14.3 |   6.6 | 25162.2
    Slime Pits |   5.3 |   5.5 |   0.0 |   0.0 |   5.4 | 16541.6
  Orcish Mines |   4.0 |   4.2 |   0.0 |   0.0 |   1.1 | 8801.5
   Elven Halls |   6.6 |   6.8 |   0.0 |  28.6 |   8.1 | 41517.3
        Vaults |  11.1 |  10.9 |  19.3 |  14.3 |  12.5 | 48112.5
         Crypt |   7.7 |   7.9 |   2.4 |   0.0 |  10.1 | 51825.0
        Depths |  14.4 |  12.5 |  68.7 |  28.6 |  21.7 | 83124.0
           Zot |   6.9 |   7.2 |   1.2 |   0.0 |  16.9 | 51760.0
      Ice Cave |   2.1 |   2.1 |   0.0 |   0.0 |   1.5 | 23177.0
      Gauntlet |   0.3 |   0.3 |   0.0 |   0.0 |   0.3 | 3917.0
               +-------+-------+-------+-------+-------+----------------------

Action                   |  1- 3 |  4- 6 |  7- 9 | 10-12 | 13-15 | 16-18 | 19-21 | 22-24 | 25-27 || total
-------------------------+-------+-------+-------+-------+-------+-------+-------+-------+-------++-------
Melee: Dagger            |     1 |     4 |    12 |    41 |    52 |    14 |    14 |     1 |     4 ||   143
       Kick              |     1 |     2 |     4 |    17 |    14 |     7 |    11 |       |    48 ||   104
       Peck              |       |     1 |     5 |     9 |    12 |     6 |     4 |     1 |    33 ||    71
       Staff             |       |       |       |       |       |     4 |    13 |     1 |    81 ||    99
 Cast: Magic Dart        |    66 |    58 |   105 |    61 |       |     3 |       |     3 |   260 ||   556
       Searing Ray       |     3 |     9 |    26 |    16 |       |       |       |       |       ||    54
       Airstrike         |       |       |    43 |   197 |   132 |       |       |       |       ||   372
       Lightning Bolt    |       |       |       |    51 |   289 |   446 |   419 |   500 |   258 ||  1963
       Arcjolt           |       |       |       |    18 |    90 |    26 |       |       |       ||   134
       Freezing Cloud    |       |       |       |       |    58 |    94 |    60 |    43 |    14 ||   269
       Orb of Destructio |       |       |       |       |    12 |    80 |    35 |    52 |    19 ||   198
       Irradiate         |       |       |       |       |       |    62 |    43 |    23 |     6 ||   134
       Maxwell's Capacit |       |       |       |       |       |     1 |       |     3 |     1 ||     5
       Spellforged Servi |       |       |       |       |       |       |       |    55 |     4 ||    59
       Chain Lightning   |       |       |       |       |       |       |       |    29 |   474 ||   503
Evoke: Wand              |       |       |     1 |     6 |     6 |    19 |     6 |       |    14 ||    52
       Box of beasts     |       |       |       |       |       |     1 |       |     3 |     1 ||     5
       Phial of floods   |       |       |       |       |       |       |       |     1 |       ||     1
       Lightning rod     |       |       |       |       |       |       |       |       |     4 ||     4
       Condenser vane    |       |       |       |       |       |       |       |       |     2 ||     2
  Use: Scroll            |     4 |     1 |     5 |     7 |    13 |    13 |     4 |    10 |    16 ||    73
       Potion            |       |     1 |       |     2 |       |     9 |     1 |     4 |     7 ||    24
Armor: Robe              |     4 |     2 |     1 |    11 |    25 |    51 |    39 |    20 |    58 ||   211
       Steam dragon scal |       |       |       |    20 |       |       |       |       |       ||    20
Dodge: Dodged            |     9 |    12 |    23 |   146 |   206 |   190 |   137 |   106 |   228 ||  1057
Block: Buckler           |       |       |       |       |     6 |    10 |       |       |       ||    16
       Kite shield       |       |       |       |       |       |   116 |   125 |   107 |   268 ||   616

Vanquished Creatures
  the Royal Jelly (Slime:5)
  Dissolution (Slime:2)
  A dread lich (Zot:5)
  5 orbs of fire (Zot:5)
  Khufu (Crypt:1)
  An ancient lich (Zot:5)
  4 juggernauts
  2 royal mummies (Crypt:1)
  Sojobo (Depths:1)
  Parghit (Zot:3)
  6 Killer Klowns (Zot:5)
  Bai Suzhen (Crypt:1)
  Xtahua (Vaults:2)
  Saint Roka (Vaults:1)
  5 curse toes
  The ghost of bmj180 the Slayer, a veteran MiFi of Okawaru (Elf:2)
  Nikola (Spider:3)
  4 caustic shrikes
  5 golden dragons
  Arachne (Spider:4)
  A bone dragon (Crypt:3)
  2 electric golems (Zot:5)
  Jorgrun (D:12)
  3 hellephants (Depths:2)
  22 Orb Guardians
  19 tentacled monstrosities
  Rupert (D:12)
  A shard shrike skeleton (Crypt:2)
  6 deep elf blademasters
  5 quicksilver dragons
  A walking divine tome (Depths:3)
  9 liches
  2 deep elf master archers (Elf:3)
  7 death cobs
  10 ancient champions
  21 acid blobs
  Gastronok (D:9)
  A sphinx (Crypt:3)
  The ghost of Nemuarooze the Warrior, an adept HOMo of Beogh (Depths:3)
  3 tengu reavers
  Roxanne (Elf:3)
  11 shadow dragons
  9 storm dragons
  The ghost of Jezewia the Pyromancer, an adept DEFE of Vehumet (Elf:3)
  23 rockslimes
  3 draconian monks (Zot:5)
  The ghost of Dirtsage the Fencer, an adept DsMo of Gozag (Depths:1)
  12 fire giants
  5 revenants
  12 azure jellies
  4 emperor scorpions
  4 deep elf sorcerers
  A fenstrider witch (Swamp:4)
  The ghost of Pomaec the Brawler, a journeyman TrCA of Jiyva (D:15)
  5 draconian scorchers
  A balrug (Depths:4)
  14 frost giants
  11 vault wardens
  Louise (D:15)
  An iron dragon (Depths:2)
  4 spectral caustic shrikes (Depths:1)
  3 curse skulls
  6 ghost moths
  16 quicksilver oozes
  2 draconian stormcallers
  4 draconian shifters
  9 ghouls
  4 deep elf elementalists (Elf:3)
  5 spriggan defenders
  2 orc warlords
  3 broodmothers
  15 very ugly things
  4 draconian annihilators
  4 reapers
  A war gargoyle (Vaults:3)
  13 stone giants
  A juggernaut skeleton (Crypt:3)
  7 ironbound thunderhulks
  14 ironbound preservers
  5 deep elf annihilators
  7 deep elf demonologists
  3 bunyips
  13 vampire knights
  3 dire elephants (Vaults:1)
  9 yellow draconians
  9 purple draconians
  8 green draconians
  4 black draconians
  A minotaur (Gauntlet)
  3 eleionomae
  7 red draconians
  Azrael (D:15)
  8 spark wasps
  12 white draconians
  Snorg (D:13)
  6 eidola
  A blizzard demon (Depths:2)
  16 fire dragons
  8 ettins
  14 deep elf death magi
  A mummy priest (Crypt:3)
  A crystal guardian (Vaults:1)
  15 jiangshi
  Josephine (D:11)
  5 entropy weavers
  2 shambling mangroves
  A green death (Depths:3)
  2 elf skeletons (Crypt:1)
  20 hydras
  7 yaktaur captains
  Harold (Lair:1)
  15 ice dragons
  7 great orbs of eyes
  3 deep elf high priests (Elf:3)
  9 vault guards
  A ghost crab (Lair:2)
  7 rakshasas
  An ice dragon (shapeshifter) (Vaults:4)
  A fenstrider witch zombie (Crypt:1)
  2 peacekeepers
  5 spriggan air magi
  3 boulder beetles
  3 jorogumos (Spider:4)
  A demonspawn (Orc:2)
  Erica (D:9)
  11 ironbound frosthearts
  8 centaur warriors
  A catoblepas (Lair:5)
  8 deep troll shamans
  An Orb Guardian zombie (Crypt:2)
  A death knight (Crypt:1)
  6 two-headed ogres
  20 dancing weapons
  6 alligators
  2 radroaches
  9 vampire magi
  A satyr (shapeshifter) (Depths:3)
  6 deep troll earth magi
  7 tengu warriors
  The ghost of Athor the Cleaver, a novice FoFi of Okawaru (D:8)
  27 death yaks
  4 orc high priests (Orc:2)
  3 spriggan berserkers
  10 hell hogs
  14 hell knights
  A titan skeleton (Vaults:3)
  13 deep elf knights
  A fire crab (shapeshifter) (D:8)
  Sonja (Lair:1)
  3 iron trolls (Depths:4)
  A sun demon (Depths:4)
  4 soul eaters
  4 sun moths
  A shadow wraith (Crypt:2)
  28 skeletal warriors
  6 pharaoh ants
  58 deep trolls
  A golden dragon zombie (Crypt:3)
  A goliath frog (shapeshifter) (Depths:2)
  8 bog bodies
  8 spriggan druids
  3 fire crabs
  2 goliath frogs
  6 flayed ghosts
  12 deep elf archers
  6 glowing orange brains
  18 ironbound convokers
  2 orange crystal statues
  18 orb spiders
  A bunyip skeleton (Crypt:3)
  9 swamp dragons
  6 steelbarb worms
  5 large abominations
  9 necromancers
  17 phantasmal warriors
  8 lindwurms
  8 wizards
  A mana viper (shapeshifter) (Vaults:3)
  4 harpies (Vaults:2)
  14 orc knights
  24 deep elf zephyrmancers
  25 wolf spiders
  A shadow dragon skeleton (Vaults:3)
  An eleionoma zombie (Crypt:3)
  7 orc sorcerers (Orc:2)
  66 ugly things
  30 deep elf pyromancers
  A stone giant zombie (Depths:1)
  A salamander (Depths:3)
  2 shining eyes
  3 cyclopes
  A frost giant zombie (Depths:1)
  4 manticores
  3 will-o-the-wisps
  21 elephants
  27 moths of wrath
  2 eyes of devastation
  A fire giant skeleton (Crypt:1)
  2 rust devils (Depths:4)
  A smoke demon (Depths:3)
  2 stone giant skeletons
  An eleionoma skeleton (Crypt:2)
  2 frost giant skeletons
  6 black mambas
  15 vault sentinels
  6 torpor snails
  8 demonic crawlers
  10 cane toads
  A death yak zombie (Crypt:1)
  2 yaktaur zombies
  Maggie (D:7)
  18 rime drakes
  A spark wasp simulacrum (Depths:1)
  5 komodo dragons
  A naga zombie (Crypt:3)
  An orb spider zombie (Crypt:1)
  A freezing wraith (Crypt:1)
  2 kobold demonologists
  A grey draconian zombie (Crypt:2)
  4 tengu conjurers
  22 yaktaurs
  An ice devil (Orc:2)
  A white draconian skeleton (Crypt:1)
  8 guardian mummies (Crypt:3)
  A red devil (Zot:1)
  A yaktaur skeleton (Vaults:3)
  7 trolls
  27 hornets
  A hellwing (Depths:4)
  22 polar bears
  A bloated husk (Swamp:3)
  6 meliai
  A tarantella (shapeshifter) (Elf:1)
  2 harpy skeletons
  18 tyrant leeches
  A culicivora zombie (Crypt:2)
  2 polar bears (shapeshifter)
  2 nameless horrors (Vaults:4)
  25 tarantellas
  A hornet (shapeshifter) (Depths:3)
  7 blink frogs (Lair:4)
  An ettin zombie (Crypt:3)
  108 slime creatures
  10 dream sheep
  29 jumping spiders
  22 culicivoras
  2 air elementals
  2 centaur simulacra (Gauntlet)
  Sigmund (D:3)
  31 spriggans
  A water elemental (Depths:2)
  2 spectral komodo dragons (Lair:2)
  4 vampires (Crypt:3)
  9 wraiths
  53 yaks
  A wyvern (shapeshifter) (D:8)
  7 wyverns
  Grum (Lair:1)
  8 humans (D:13)
  12 vampire mosquitoes
  2 basilisks
  3 fire elementals
  4 chaos spawn
  50 redbacks
  A human simulacrum (Vaults:3)
  2 neqoxecs (D:8)
  4 steam dragons
  3 wargs
  A harpy simulacrum (Gauntlet)
  16 swamp worms
  2 glowing shapeshifter zombies
  An acid dragon (D:12)
  15 water moccasins
  A water moccasin (shapeshifter) (Elf:3)
  2 floating eyes
  10 hell hounds
  A two-headed ogre skeleton (Crypt:3)
  13 swamp drakes
  A glowing shapeshifter skeleton (Vaults:3)
  8 black bears
  31 orc warriors
  An ice beast (D:4)
  A swamp dragon zombie (Crypt:1)
  An ettin simulacrum (Vaults:3)
  3 ogres
  29 wolves
  A swamp dragon skeleton (Crypt:1)
  15 boggarts
  2 phantoms (D:5)
  13 centaurs
  4 elf zombies (Elf:1)
  3 kobold brigands
  12 bullfrogs
  A spectral water moccasin (Lair:2)
  4 scorpions
  A cyclops zombie (Crypt:1)
  4 earth elementals (Elf:3)
  4 necrophages
  7 small abominations
  9 wights
  A water moccasin skeleton (Crypt:2)
  12 killer bees (D:10)
  A spectral wolf (Lair:2)
  7 howler monkeys
  4 electric eels
  2 lava snakes (Swamp:4)
  3 hounds
  A gnoll bouda (D:6)
  26 orc priests
  Crazy Yiuf (D:4)
  5 jellies
  A centaur skeleton (Crypt:3)
  18 orc wizards
  An iguana (D:5)
  11 hell rats
  An acid dragon zombie (Crypt:3)
  2 mummies
  9 adders
  11 gnolls
  2 steam dragon skeletons
  2 shadow imps (D:5)
  A white imp (D:5)
  A worm (D:5)
  A dart slug (D:4)
  86 orcs
  7 ball pythons
  6 endoplasms
  2 giant cockroaches
  4 goblins
  3 hobgoblins
  6 jackals
  24 kobolds
  4 quokkas
  A ball python skeleton (Crypt:3)
  A ball python zombie (Crypt:2)
  2 bats (D:2)
  A frilled lizard (D:7)
  5 rats
2421 creatures vanquished.

Vanquished Creatures (collateral kills)
  A golden dragon (Depths:3)
  An Orb Guardian (Zot:5)
  A sphinx (Depths:1)
  3 tengu reavers
  A fire giant (Vaults:4)
  An iron dragon (Depths:4)
  A spectral caustic shrike (Depths:1)
  7 frost giants
  A vault warden (Vaults:4)
  A vampire knight (Depths:3)
  5 very ugly things
  A war gargoyle (Vaults:4)
  2 ironbound thunderhulks (Vaults:4)
  A reaper (Crypt:2)
  A stone giant (Depths:3)
  A black draconian (Depths:4)
  A spark wasp (shapeshifter) (Depths:4)
  A fire dragon (Depths:1)
  An ice dragon (Depths:3)
  3 rakshasas (Depths:3)
  4 vault guards (Vaults:4)
  2 ogre magi
  2 ironbound frosthearts (Vaults:4)
  A hell hog (Depths:3)
  2 deep troll shamans
  3 deep troll earth magi
  A vampire mage (Depths:3)
  2 hell knights (Depths:3)
  A spriggan berserker (Depths:3)
  A skeletal warrior (Crypt:2)
  A soul eater (Depths:3)
  7 deep trolls
  4 iron trolls (Depths:1)
  2 wizards
  A phantasmal warrior (Depths:3)
  2 ugly things (Depths:1)
  A salamander (Depths:3)
  A rime drake (Lair:1)
  A yaktaur (Vaults:4)
  A slime creature (Vaults:4)
  A chaos spawn (Depths:1)
  A swamp worm (Swamp:1)
  2 small abominations (Depths:1)
  An ogre (D:15)
  3 centaurs (D:15)
83 creatures vanquished.

Vanquished Creatures (others)
  A fire giant (Depths:2)
  An ironbound preserver (Vaults:4)
  A centaur warrior (D:15)
  An orb spider (Spider:4)
  A deep elf zephyrmancer (Elf:3)
  An ugly thing (Depths:1)
  A vault sentinel (Vaults:4)
  An air elemental (Elf:3)
  A human (D:13)
  A swamp drake (Swamp:4)
  21 foxfires
  98 fungi
  121 plants
  22 withered plants (Gauntlet)
272 creatures vanquished.

Grand Total: 2776 creatures vanquished There were no monsters in sight!

Levels and vault maps discovered:
D:1:      psy_arrival_statuary, layout_rooms, serial_shops, nicolae_square_shop
D:2:      layout_rooms, basic_altar, grunt_ministairs_10
D:3:      layout_rooms, grunt_temple_overflow_holy_war,
          mainiacjoe_overflow_boulevard, nicolae_kikubaaqudgha_miasma_corner,
          uniq_sigmund
D:4:      layout_loops_ring, nemelex_dance_club_becter, kennysheep_mini_moat,
          minmay_temple_entry_offerings, serial_shops, shop,
          nicolae_shop_fire_sale [nicolae_sub_dead_trees],
          uniq_crazy_yiuf_cottage
D:5:      layout_rooms, ashenzari_conservatory_becter, marbit_many_paths,
          kennysheep_mini, mainiacjoe_overflow_brackets, chequers_jeans
D:6:      layout_cave_pools, nicolae_gozag_seed_capital, serial_shops,
          nicolae_shop_waterfront
D:7:      layout_loops_ring, nicolae_ru_great_annihilating_truth, uniq_maggie
D:8:      layout_rooms, grunt_lair_entry_orc_guard_hut,
          ploomutoo_gammafunk_ghost_potion_laboratory, minmay_crystal_room
D:9:      layout_rooms, dancing_weapons_uskayaw,
          mainiacjoe_overflow_surrounded_room, nicolae_overflow_crystal_walls,
          uniq_erica, uniq_gastronok
D:10:     minmay_chambers_of_sevens, layout_gridville, fedhas_ov_isle_minmay
D:11:     layout_basic, uniq_josephine
D:12:     minmay_sliced_demisemicircle, layout_basic, david_orc_5, uniq_rupert,
          uniq_jorgrun
D:13:     layout_rooms, ximxim_vaults_locker_room, uniq_snorg
D:14:     layout_basic, enter_trove_0, grunt_decor_mini_mirrors
D:15:     grunt_enter_depths_giant_problem, layout_cave_pools,
          portal_ice_cave_entry_pillars_2, gauntlet_entry_generic,
          gammafunk_ghost_crypt, chequers_serial_rivers_large_a, uniq_louise,
          uniq_nessos, uniq_azrael
Temple:   hellmonk_temple_beads
Lair:1:   layout_cave_pods, grunt_megastairs_3, uniq_grum, uniq_harold,
          uniq_sonja
Lair:2:   layout_chaotic_city, nicolae_swamp_entry_spooky, grunt_megastairs_1,
          serial_bayou_shore_a
Lair:3:   dreamdust_cave_troll, layout_regular_city,
          spider_nest_entry_funnel_web
Lair:4:   layout_layer_cave, slime_entry_1, basic_altar
Lair:5:   minmay_lair_end_enchanted_forest, layout_cave_pods, grunt_megastairs_5
Swamp:1:  layout_basic_swamp, evilmike_swamp_ruin_rubble_1, st_swamp_mini
Swamp:2:  layout_basic_swamp, infiniplex_staircase_pool
Swamp:3:  layout_basic_swamp, nicolae_swamp_dense_foliage, swamp_pool2,
          nicolae_swamp_treefoil, cheibrodos_swamp_pet_leeches
Swamp:4:  swamp_fiery, layout_basic_swamp
Spider:1: layout_spider_delve
Spider:2: nicolae_spider_hilbert_zone_5 [nicolae_spider_hilbert_3_sides_1_open,
          nicolae_spider_hilbert_4_sides_1_open,
          nicolae_spider_hilbert_4_sides_1_open,
          nicolae_spider_hilbert_6_sides_1_open,
          nicolae_spider_hilbert_6_sides_1_open]
Spider:3: layout_spider_delve, uniq_nikola
Spider:4: johnstein_spider_rune_arachne_lair
Slime:1:  layout_caves
Slime:2:  layout_caves, nicolae_slime_phagocytosis, uniq_dissolution
Slime:3:  nicolae_slime_infinislime, layout_caves, dissolution_awaits
Slime:4:  layout_caves
Slime:5
Orc:1:    layout_caves, nicolae_orc_lava_tube
Orc:2:    pf_orc_diabolical, layout_caves, basic_altar, serial_shops,
          nicolae_diamond_shop, nicolae_shop_advertising_works
          [nicolae_subvault_shop_adworks]
Elf:1:    nicolae_elf_arrival_fired_up, layout_loops_cross, basic_altar,
          minmay_elf_necromancy
Elf:2:    elven_hall_of_blades_hangedman_original
          [nicolae_blade_entry_pointy_end], layout_loops_corners, serial_shops,
          shop, gammafunk_ghost_wrathful_warriors
Elf:3:    elf_hall, layout_geoelf_grid, ebering_ghost_reflecting_pool,
          uniq_roxanne
Vaults:1: nicolae_vaults_asterisk, vaults_room_door_hall,
          hangedman_vaults_unwind, grunt_vaults_twisty, hangedman_vaults_hat,
          vaults_room_fancy_cross, vaults_room_pool, v_alt_pattern_4,
          nicolae_vaults_little_squares_4, ontoclasm_vaults_fault,
          layout_vaults_omnicross, uniq_saint_roka
Vaults:2: portal_desolation_entry_nicolae_slug, v_misc_8,
          vaults_room_ringed_pool, nicolae_vaults_little_squares_1,
          vaults_room_stairs_pillars, v_misc_25, v_misc_13, v_misc_25,
          nicolae_vaults_what_the_h, v_pattern_3, nicolae_vaults_alarming,
          nicolae_vaults_little_squares_3, layout_vaults_omnibox, uniq_xtahua
Vaults:3: nicolae_vaults_network_square, v_misc_16,
          minmay_crypt_entry_simple_walls, st_check,
          nicolae_vaults_three_branches, nicolae_vaults_little_squares_6,
          layout_vaults_omnigrid
Vaults:4: grunt_vaults_swirl, v_misc_17, ontoclasm_vaults_eye,
          nicolae_vaults_little_squares_3, nicolae_vaults_specimen_jars,
          ontoclasm_vaults_tryst, st_eye, v_misc_29, vaults_mumra_hexcomb,
          ontoclasm_vaults_ligature, vaults_standard_mumra_x, v_misc_3,
          vaults_room_semicircle, vaults_dpeg_diagonal, layout_vaults_ring,
          serial_shops, nicolae_square_shop
Crypt:1:  layout_basic, grunt_crypt_arrival_webbed, uniq_bai_suzhen, uniq_khufu
Crypt:2:  layout_misc_corridors
Crypt:3:  lightli_unholy_cathedral, layout_chaotic_city,
          tomb_entry_sphere_bobbens
Depths:1: layout_forbidden_donut, enter_ziggurat_b, minmay_room_of_horrors,
          minmay_misc_feat_tower, hellmonk_ghost_happy_afterlife,
          pf_hell_entry_tar_river, dpeg_stationary_puzzle, uniq_sojobo
Depths:2: minmay_connected_boxes_in_corner, layout_gridlike, grunt_hell_horde,
          serial_shops, shop, nicolae_elevator_lobby_plus, pan_entry,
          minmay_statues_item, serial_bayou_shore_b, serial_bayou_shore_b
Depths:3: minmay_nested_s, layout_cave_shapes, hellmouth_3,
          minmay_parallelograms, abyss_entry_flame_altar
Depths:4: evilmike_zot_entry_diamond, layout_honeycomb, rand_demon_pan_entry_3,
          gammafunk_ghost_tricky_traps, hangedman_geh_valley,
          kennysheep_doodads, serial_nicolae_subway, nicolae_sub_station_stone,
          nicolae_sub_station_crystal, nicolae_sub_station_metal, uniq_margery
Zot:1:    layout_basic, nicolae_transporter_intersection
Zot:2:    layout_misc_corridors
Zot:3:    layout_gridlike, grunt_ministairs_15, uniq_tiamat, uniq_grunn,
          uniq_parghit
Zot:4:    regret_index_qazlal_generations, layout_twisted_circle
Zot:5:    layout_twisted_circle, hangedman_zot_diagonal_lockstep
